General information
			
			
        
        - name: BNet
 
        - type: Ladder team game (AT/RT)
 
        - host: Battle.net
 
        - saver: HERNaNDO
 
        
map: Battleground 
        - players: 8
 
        - length: 22:53
 
        - speed: Fast
 - version: 1.22 W3XP
 - replay type:  Public
 
» download(178 KB)
Players
        team 1 (winner) 
              
              
3DGAYWORLD (
pink | 58 APM | 1330 actions | 22:52)
              
 4 Blademaster 
 2 Wind Walk
 2 Critical Strike
 
                » actions 
                
                | Assign group hotkey | 2 |  | 
| Basic commands | 29 |  | 
| Build / train | 55 |  | 
| Enter build submenu | 43 |  | 
| Enter hero's abilities submenu | 4 |  | 
| Right click | 674 |  | 
| Select / deselect | 394 |  | 
| Select group hotkey | 3 |  | 
| Use ability | 126 |  | 
                1330 total
 » units 
                » upgrades
                
                | Spiked Barricades | 1 |  | 
| Liquid Fire | 1 |  | 
| Ranged Weapons | 2 |  | 
| Reinforced Defenses | 1 |  | 
                5 total
 » buildings
                
                | Orc Burrow | 8 |  | 
| Altar of Storms | 1 |  | 
| War Mill | 1 |  | 
| Voodoo Lounge | 1 |  | 
| Watch Tower | 19 |  | 
| Stronghold | 1 |  | 
| Beastiary | 2 |  | 
| Fortress | 2 |  | 
                35 total
 » build order
                00:06 Orc Burrow
00:11 Altar of Storms
00:24 War Mill
01:31 Voodoo Lounge
02:13 Watch Tower
02:23 Watch Tower
03:00 Orc Burrow
03:07 Watch Tower
03:51 Watch Tower
03:54 Watch Tower
04:17 Watch Tower
04:58 Watch Tower
05:01 Watch Tower
05:18 Stronghold
06:18 Watch Tower
06:22 Watch Tower
06:26 Watch Tower
06:40 Orc Burrow
07:12 Watch Tower
07:13 Watch Tower
07:16 Watch Tower
07:20 Watch Tower
07:36 Watch Tower
08:10 Beastiary
08:12 Beastiary
08:34 Watch Tower
08:50 Watch Tower
08:54 Watch Tower
09:24 Orc Burrow
10:45 Fortress
10:46 Fortress
11:55 Orc Burrow
14:06 Orc Burrow
17:06 Orc Burrow
21:51 Orc Burrow
» items
                
                | Lesser Clarity Potion | 5 |  | 
| Scroll of Speed | 2 |  | 
| Healing Salve | 1 |  | 
| Potion of Mana | 1 |  | 
| Orb of Lightning | 1 |  | 
                10 total
  
               
              
              
Dexanth (
green | 70 APM | 1604 actions | 22:52)
              
 6 Warden 
 3 Shadow Strike
 3 Blink
 
                » actions 
                
                | Assign group hotkey | 17 |  | 
| Basic commands | 2 |  | 
| Build / train | 59 |  | 
| Enter build submenu | 18 |  | 
| Enter hero's abilities submenu | 7 |  | 
| Give item / drop item | 3 |  | 
| Remove unit from queue | 3 |  | 
| Right click | 716 |  | 
| Select / deselect | 211 |  | 
| Select group hotkey | 456 |  | 
| Use ability | 112 |  | 
                1604 total
 » units 
                » upgrades
                
                | Ultravision | 1 |  | 
| Strength of the Wild | 3 |  | 
| Reinforced Hides | 3 |  | 
| Well Spring | 1 |  | 
| Corrosive Breath | 1 |  | 
                9 total
 » buildings
                
                | Altar of Elders | 1 |  | 
| Moon Well | 8 |  | 
| Hunter's Hall | 2 |  | 
| Tree of Ages | 1 |  | 
| Tree of Eternity | 1 |  | 
| Ancient of Wonders | 1 |  | 
| Ancient of Wind | 1 |  | 
| Chimaera Roost | 2 |  | 
                17 total
 » build order
                00:05 Altar of Elders
00:19 Moon Well
01:29 Moon Well
03:57 Hunter's Hall
04:47 Hunter's Hall
05:03 Tree of Ages
05:37 Moon Well
05:47 Moon Well
07:51 Tree of Eternity
08:52 Moon Well
09:17 Ancient of Wonders
10:22 Ancient of Wind
11:34 Chimaera Roost
11:41 Chimaera Roost
12:55 Moon Well
12:56 Moon Well
14:43 Moon Well
» items
                
                | Boots of Speed | 1 |  | 
| Staff of Teleportation | 1 |  | 
| Healing Salve | 1 |  | 
| Lesser Clarity Potion | 1 |  | 
| Orb of Venom | 1 |  | 
                5 total
  
               
              
              
» 
DirtMcGirt (
blue | 55 APM | 1265 actions | 22:52)
              
 5 Blademaster 
 3 Wind Walk
 2 Critical Strike
 
                » actions 
                
                | Assign group hotkey | 3 |  | 
| Build / train | 51 |  | 
| Enter build submenu | 34 |  | 
| Enter hero's abilities submenu | 5 |  | 
| Remove unit from queue | 1 |  | 
| Right click | 734 |  | 
| Select / deselect | 288 |  | 
| Select group hotkey | 8 |  | 
| Use ability | 141 |  | 
                1265 total
 » units 
                » upgrades
                
                | Ranged Weapons | 2 |  | 
| Liquid Fire | 1 |  | 
                3 total
 » buildings
                
                | Altar of Storms | 1 |  | 
| Orc Burrow | 5 |  | 
| War Mill | 1 |  | 
| Watch Tower | 30 |  | 
| Stronghold | 1 |  | 
| Beastiary | 2 |  | 
| Voodoo Lounge | 1 |  | 
| Fortress | 1 |  | 
                42 total
 » build order
                00:10 Altar of Storms
00:19 Orc Burrow
00:30 War Mill
01:48 Watch Tower
01:59 Watch Tower
03:02 Watch Tower
03:06 Watch Tower
03:07 Watch Tower
03:11 Watch Tower
03:16 Watch Tower
03:59 Stronghold
04:20 Watch Tower
04:21 Watch Tower
04:23 Watch Tower
04:30 Watch Tower
04:31 Watch Tower
04:31 Watch Tower
04:35 Watch Tower
04:35 Watch Tower
04:41 Watch Tower
04:46 Watch Tower
05:35 Watch Tower
05:38 Watch Tower
05:39 Watch Tower
05:47 Watch Tower
06:32 Beastiary
06:47 Beastiary
06:52 Watch Tower
07:35 Watch Tower
07:48 Watch Tower
07:57 Orc Burrow
08:22 Watch Tower
08:49 Voodoo Lounge
09:30 Watch Tower
09:34 Watch Tower
09:39 Watch Tower
09:47 Orc Burrow
09:48 Orc Burrow
09:57 Orc Burrow
10:02 Fortress
11:19 Watch Tower
14:08 Watch Tower
» items
                
                | Healing Salve | 1 |  | 
| Lesser Clarity Potion | 1 |  | 
| Orb of Lightning | 1 |  | 
| Staff of Teleportation | 1 |  | 
| Boots of Speed | 1 |  | 
| Potion of Lesser Invulnerability | 1 |  | 
| Potion of Mana | 1 |  | 
                7 total
  
               
              
              
HERNaNDO (
red | 44 APM | 996 actions | 22:53)
              
 5 Archmage 
 3 Blizzard
 2 Brilliance Aura
 1 Blood Mage 
 1 Flame Strike
 
                » actions 
                
                | Assign group hotkey | 8 |  | 
| Basic commands | 8 |  | 
| Build / train | 75 |  | 
| ESC pressed | 1 |  | 
| Enter build submenu | 53 |  | 
| Enter hero's abilities submenu | 6 |  | 
| Remove unit from queue | 2 |  | 
| Right click | 448 |  | 
| Select / deselect | 294 |  | 
| Select group hotkey | 7 |  | 
| Use ability | 94 |  | 
                996 total
 » units 
                
                | Peasant | 23 |  | 
| Sorceress | 2 |  | 
| Mortar Team | 5 |  | 
| Priest | 2 |  | 
                32 total
 » upgrades
                
                | Magic Sentry | 1 |  | 
| Sorceress Training | 1 |  | 
| Flare | 1 |  | 
| Masonry | 2 |  | 
                5 total
 » buildings
                
                | Altar of Kings | 1 |  | 
| Farm | 8 |  | 
| Lumber Mill | 1 |  | 
| Scout Tower | 54 |  | 
| Arcane Tower | 1 |  | 
| Guard Tower | 24 |  | 
| Keep | 1 |  | 
| Arcane Sanctum | 1 |  | 
| Blacksmith | 1 |  | 
| Workshop | 2 |  | 
| Arcane Vault | 1 |  | 
                95 total
 » build order
                00:10 Altar of Kings
00:20 Farm
00:21 Farm
00:36 Lumber Mill
00:50 Scout Tower
00:52 Scout Tower
01:07 Scout Tower
02:06 Arcane Tower
02:10 Guard Tower
02:26 Scout Tower
02:28 Scout Tower
02:38 Guard Tower
03:02 Guard Tower
03:10 Guard Tower
03:11 Scout Tower
03:14 Scout Tower
03:32 Scout Tower
03:34 Scout Tower
03:35 Scout Tower
03:38 Scout Tower
03:39 Guard Tower
03:48 Guard Tower
04:07 Guard Tower
04:10 Guard Tower
04:14 Keep
04:30 Scout Tower
04:32 Scout Tower
04:33 Scout Tower
04:34 Scout Tower
04:35 Scout Tower
05:00 Guard Tower
05:32 Farm
05:32 Farm
05:34 Farm
06:17 Guard Tower
06:21 Scout Tower
06:22 Scout Tower
06:25 Scout Tower
06:26 Scout Tower
06:39 Arcane Sanctum
07:34 Blacksmith
08:03 Guard Tower
08:11 Scout Tower
08:12 Scout Tower
08:13 Scout Tower
08:43 Workshop
08:57 Farm
08:57 Farm
09:16 Guard Tower
09:17 Scout Tower
09:18 Scout Tower
09:20 Guard Tower
09:21 Guard Tower
10:18 Scout Tower
10:19 Scout Tower
10:23 Guard Tower
10:56 Workshop
11:26 Guard Tower
11:44 Farm
12:37 Guard Tower
13:12 Scout Tower
13:13 Scout Tower
13:14 Scout Tower
13:15 Scout Tower
13:22 Scout Tower
13:23 Scout Tower
13:54 Guard Tower
13:58 Scout Tower
13:59 Scout Tower
14:00 Scout Tower
16:12 Scout Tower
16:13 Scout Tower
16:15 Scout Tower
16:18 Scout Tower
16:19 Scout Tower
16:20 Scout Tower
16:22 Scout Tower
16:23 Scout Tower
16:42 Scout Tower
16:44 Guard Tower
16:58 Guard Tower
17:01 Scout Tower
17:03 Scout Tower
17:04 Scout Tower
17:08 Guard Tower
17:10 Scout Tower
17:11 Scout Tower
17:41 Arcane Vault
17:42 Guard Tower
18:07 Guard Tower
18:13 Guard Tower
22:30 Scout Tower
22:32 Scout Tower
22:45 Scout Tower
22:47 Scout Tower
» items
                
                | Potion of Healing | 1 |  | 
| Scroll of Town Portal | 1 |  | 
                2 total
  
               team 2 (loser) 
              
              
Frost-Wyrm (
orange | 74 APM | 1672 actions | 22:32)
              
 3 Demon Hunter 
 2 Mana Burn
 1 Evasion
 
                » actions 
                
                | Assign group hotkey | 21 |  | 
| Basic commands | 76 |  | 
| Build / train | 40 |  | 
| Enter build submenu | 15 |  | 
| Enter hero's abilities submenu | 3 |  | 
| Right click | 856 |  | 
| Select / deselect | 355 |  | 
| Select group hotkey | 271 |  | 
| Use ability | 35 |  | 
                1672 total
 » units 
                
                | Wisp | 10 |  | 
| Huntress | 6 |  | 
| Glaive Thrower | 8 |  | 
| Dryad | 8 |  | 
                32 total
 » upgrades
                
                | Vorpal Blades | 1 |  | 
| Abolish Magic | 1 |  | 
                2 total
 » buildings
                
                | Altar of Elders | 1 |  | 
| Moon Well | 6 |  | 
| Hunter's Hall | 1 |  | 
| Ancient of War | 4 |  | 
| Tree of Ages | 1 |  | 
| Ancient of Lore | 2 |  | 
                15 total
 » build order
                00:02 Altar of Elders
00:03 Moon Well
02:07 Hunter's Hall
02:22 Ancient of War
02:36 Ancient of War
02:39 Ancient of War
04:00 Moon Well
04:20 Tree of Ages
06:29 Moon Well
07:19 Ancient of Lore
07:21 Ancient of Lore
09:26 Moon Well
10:52 Moon Well
13:58 Ancient of War
17:57 Moon Well
 
               
              
              
Gato- (
purple | 48 APM | 1091 actions | 22:29)
              
 5 Death Knight 
 2 Death Coil
 3 Unholy Aura
 1 Lich 
 1 Frost Nova
 
                » actions 
                
                | Assign group hotkey | 27 |  | 
| Basic commands | 70 |  | 
| Build / train | 65 |  | 
| ESC pressed | 2 |  | 
| Enter build submenu | 31 |  | 
| Enter hero's abilities submenu | 5 |  | 
| Give item / drop item | 1 |  | 
| Right click | 449 |  | 
| Select / deselect | 349 |  | 
| Select group hotkey | 43 |  | 
| Use ability | 49 |  | 
                1091 total
 » units 
                
                | Acolyte | 7 |  | 
| Ghoul | 3 |  | 
| Gargoyle | 17 |  | 
| Frost Wyrm | 6 |  | 
| Abomination | 3 |  | 
                36 total
 » upgrades
                
                | Creature Attack | 3 |  | 
| Creature Carapace | 4 |  | 
| Stone Form | 1 |  | 
| Freezing Breath | 1 |  | 
| Unholy Armor | 1 |  | 
| Unholy Strength | 1 |  | 
| Disease Cloud | 1 |  | 
                12 total
 » buildings
                
                | Halls of the Dead | 1 |  | 
| Ziggurat | 9 |  | 
| Crypt | 3 |  | 
| Graveyard | 1 |  | 
| Sacrificial Pit | 2 |  | 
| Altar of Darkness | 1 |  | 
| Black Citadel | 2 |  | 
| Tomb of Relics | 1 |  | 
| Boneyard | 3 |  | 
| Slaughterhouse | 3 |  | 
                26 total
 » build order
                00:38 Halls of the Dead
00:57 Ziggurat
01:17 Crypt
01:34 Crypt
01:41 Crypt
01:44 Graveyard
01:46 Ziggurat
01:49 Ziggurat
02:16 Ziggurat
04:12 Sacrificial Pit
04:14 Sacrificial Pit
04:20 Altar of Darkness
05:21 Black Citadel
05:22 Black Citadel
06:07 Ziggurat
06:10 Ziggurat
06:11 Ziggurat
06:31 Tomb of Relics
07:59 Boneyard
08:17 Boneyard
08:26 Boneyard
12:42 Ziggurat
12:44 Ziggurat
16:38 Slaughterhouse
16:45 Slaughterhouse
17:03 Slaughterhouse
» items
                
                | Potion of Mana | 1 |  | 
| Potion of Healing | 1 |  | 
| Scroll of Town Portal | 2 |  | 
                4 total
  
               
              
              
I.Am.Jesus (
teal | 25 APM | 569 actions | 22:37)
              
 2 Keeper of the Grove 
 1 Entangling Roots
 1 Thorns Aura
 2 Warden 
 1 Shadow Strike
 1 Blink
 1 Demon Hunter 
 1 Immolation
 
                » actions 
                
                | Assign group hotkey | 20 |  | 
| Basic commands | 82 |  | 
| Build / train | 23 |  | 
| ESC pressed | 11 |  | 
| Enter build submenu | 11 |  | 
| Enter hero's abilities submenu | 5 |  | 
| Right click | 185 |  | 
| Select / deselect | 143 |  | 
| Select group hotkey | 27 |  | 
| Use ability | 62 |  | 
                569 total
 » units 
                » buildings
                
                | Altar of Elders | 1 |  | 
| Moon Well | 7 |  | 
| Tree of Ages | 1 |  | 
| Tree of Eternity | 1 |  | 
| Tree of Life | 1 |  | 
                11 total
 » build order
                00:13 Altar of Elders
00:19 Moon Well
06:52 Tree of Ages
08:32 Moon Well
09:44 Tree of Eternity
11:23 Moon Well
11:27 Moon Well
11:53 Moon Well
13:23 Moon Well
13:25 Moon Well
14:03 Tree of Life
 
               
              
              
» 
Sgt.ChiNo (
yellow | 102 APM | 2337 actions | 22:51)
              
 4 Blademaster 
 2 Wind Walk
 2 Critical Strike
 3 Shadow Hunter 
 1 Hex
 2 Healing Wave
 2 Far Seer 
 1 Feral Spirit
 1 Chain Lighting
 
                » actions 
                
                | Assign group hotkey | 46 |  | 
| Basic commands | 343 |  | 
| Build / train | 48 |  | 
| Enter build submenu | 16 |  | 
| Enter hero's abilities submenu | 9 |  | 
| Remove unit from queue | 3 |  | 
| Right click | 1237 |  | 
| Select / deselect | 338 |  | 
| Select group hotkey | 235 |  | 
| Use ability | 61 |  | 
                2337 total
 » units 
                » upgrades
                » buildings
                
                | Altar of Storms | 1 |  | 
| Orc Burrow | 8 |  | 
| Stronghold | 2 |  | 
| Voodoo Lounge | 1 |  | 
| Fortress | 2 |  | 
| Beastiary | 2 |  | 
| War Mill | 1 |  | 
                17 total
 » build order
                00:20 Altar of Storms
00:37 Orc Burrow
02:01 Stronghold
02:01 Stronghold
02:15 Orc Burrow
02:34 Voodoo Lounge
04:18 Orc Burrow
04:46 Fortress
04:46 Fortress
07:10 Orc Burrow
08:05 Beastiary
09:15 War Mill
09:26 Beastiary
11:12 Orc Burrow
11:16 Orc Burrow
14:08 Orc Burrow
16:11 Orc Burrow
» items
                
                | Boots of Speed | 1 |  | 
| Orb of Lightning | 1 |  | 
                2 total
  
                Chat log
          (00:05 / All) HERNaNDO: From?
(00:08 / All) Sgt.ChiNo: STFU
(00:10 / All) Sgt.ChiNo: LICK DICK
(00:10 / All) Sgt.ChiNo: HOMIE
(00:11 / All) DirtMcGirt: STNE
(00:12 / All) HERNaNDO: ?
(00:13 / All) Frost-Wyrm:  /j OP SEXY-TIME.
(00:15 / Allies) 3DGAYWORLD: 100g
(00:16 / Allies) 3DGAYWORLD: thanks
(00:20 / All) Gato-: Op SexY-TiMe.   -The sexiest place to hang out and chat!
(00:23 / All) Gato-: Op SexY-TiMe.   -The sexiest place to hang out and chat!
(00:24 / All) Sgt.ChiNo: o ya
(00:27 / All) Sgt.ChiNo: op sexy-time.
(00:34 / All) Sgt.ChiNo: VAGINAL LOVIN
(00:40 / All) 3DGAYWORLD: i dont like vagina
(00:41 / All) HERNaNDO: u guys are really not funny at all
(00:42 / All) DirtMcGirt: shut up chino you unfunny faggot
(00:47 / All) DirtMcGirt: SPAM IN CAPS
(00:49 / All) DirtMcGirt: SPAM IN CAPS
(00:52 / All) Sgt.ChiNo: stfu dirt
(00:55 / Allies) Dexanth: Nando can you sent 2 milit now?
(00:55 / Allies) DirtMcGirt: no u wont u virgin
(00:57 / All) 3DGAYWORLD: chino your gay
(00:59 / All) DirtMcGirt: ok vrigin
(01:00 / Allies) Dexanth: Its a bit of a run ..<
(01:03 / All) Sgt.ChiNo: ur dads gay
(01:04 / All) HERNaNDO: its like the bottom barrel interent style humor
(01:08 / All) Sgt.ChiNo: trim ur ass hair fags!!
(01:13 / All) DirtMcGirt: look at lil virgin nerd talkin shit
(01:18 / All) Sgt.ChiNo: Stfu
(01:23 / All) Sgt.ChiNo: ill fucken shoot ur bitch ass
(01:27 / All) DirtMcGirt: lol musta strucka  nerve
(01:33 / All) 3DGAYWORLD: ah yes
(01:34 / All) HERNaNDO: lol
(01:37 / All) 3DGAYWORLD: the faux-gangster
(01:38 / Allies) Dexanth: Aggghhh
(01:41 / All) 3DGAYWORLD: a classic
(01:43 / Allies) Dexanth: need tower team sent to meeee
(01:43 / All) Sgt.ChiNo: vaginal anus faces
(01:50 / All) Frost-Wyrm: STOP TALKING IN ALL
(01:52 / All) Frost-Wyrm: FFS
(01:54 / Allies) DirtMcGirt: damn that sucks
(01:54 / Allies) 3DGAYWORLD: we towering bases?
(02:00 / All) HERNaNDO: i just sent my grandma out of the room she was so offended by that lol.. not
(02:07 / Allies) Dexanth: outer edge of bases yet
(02:08 / Allies) Dexanth: ues
(02:23 / Allies) DirtMcGirt: dex feed me
(02:24 / Allies) Dexanth: of course if I get no towers...
(02:34 / Allies) DirtMcGirt: ok
(02:36 / Allies) DirtMcGirt: senidn
(02:39 / All) Sgt.ChiNo: VAGINA
(02:46 / All) DirtMcGirt: no i think u mean virgin
(03:17 / Allies) 3DGAYWORLD: lol
(03:19 / Allies) Dexanth: burrows
(03:22 / Allies) DirtMcGirt: get the burrows
(03:26 / All) DirtMcGirt: wow noob
(03:36 / All) Gato-: wtf chino
(03:38 / All) Gato-: wtf r u doing
(03:47 / All) DirtMcGirt: LOL
(03:57 / Allies) 3DGAYWORLD: wasnt looking
(03:59 / All) HERNaNDO: ChiNo
(04:05 / All) DirtMcGirt: chino quit now
(04:24 / Allies) 3DGAYWORLD: is it safe to assume they know we're towering?
(04:38 / Allies) Dexanth: not yet
(04:42 / Allies) Dexanth: they havent hit a base afaik
(04:48 / Allies) 3DGAYWORLD: o
(04:52 / Allies) 3DGAYWORLD: i thought they knew our gimmick
(05:00 / Allies) Dexanth: we want to push out and web these up
(05:08 / All) HERNaNDO: chino
(05:10 / All) HERNaNDO: puto
(05:11 / Allies) DirtMcGirt: why 3 hunters hall?
(05:15 / All) 3DGAYWORLD: lOl
(05:15 / All) Sgt.ChiNo: pince porra
(05:19 / Allies) Dexanth: er
(05:20 / All) Sgt.ChiNo: chupa me grande bollas
(05:20 / Allies) Dexanth: whoops
(05:26 / All) Sgt.ChiNo: tbag u son
(05:29 / All) DirtMcGirt: ur balls are tiny shu up virgin
(05:32 / Allies) Dexanth: thanks for spotting
(05:59 / Allies) DirtMcGirt: get the bandaklar
(06:32 / Allies) 3DGAYWORLD: yrellow is getting a second hero
(06:37 / Allies) DirtMcGirt: he did already
(06:41 / Allies) 3DGAYWORLD: bummer
(06:51 / Allies) Dexanth: I <3 extra nitevision
(06:58 / All) DirtMcGirt: lol y u play with yellow
(07:01 / Allies) 3DGAYWORLD: wtf
(07:02 / Allies) HERNaNDO: do u love gettin garged
(07:03 / Allies) 3DGAYWORLD: lol
(07:04 / All) DirtMcGirt: hes terrible and unfunny
(07:21 / All) DirtMcGirt: GARGGGGG FEED
(07:28 / All) HERNaNDO: pretty siq method
(08:00 / Allies) DirtMcGirt: lumber dex
(08:13 / Allies) 3DGAYWORLD: gold please
(08:15 / Allies) 3DGAYWORLD: if anyone has it
(08:25 / Allies) 3DGAYWORLD: tyhanks
(09:18 / Allies) 3DGAYWORLD: getting bats
(09:24 / Allies) HERNaNDO: duh
(09:31 / Allies) 3DGAYWORLD: i mean building right now
(10:03 / All) HERNaNDO: lol
(10:10 / Allies) 3DGAYWORLD: ugh
(10:10 / All) HERNaNDO: the famous hunt tower charge
(10:17 / All) 3DGAYWORLD: hahaha
(10:36 / Allies) DirtMcGirt: did john win that game?
(10:37 / Allies) 3DGAYWORLD: thanks
(10:42 / Allies) HERNaNDO: dunno
(10:43 / Allies) HERNaNDO: i doubt it
(10:45 / Allies) DirtMcGirt: dex no chims yet?
(10:46 / Allies) HERNaNDO: he didnt say anything
(10:48 / Allies) Dexanth: No
(10:51 / Allies) Dexanth: the gargs fucked it up
(11:04 / Allies) DirtMcGirt: le sigh
(11:19 / Allies) Dexanth: Im thinking I should get mad Dotts myself
(11:25 / Allies) 3DGAYWORLD: hmmm
(11:27 / Allies) DirtMcGirt: no
(11:28 / Allies) DirtMcGirt: dont
(11:30 / Allies) DirtMcGirt: get chims
(11:33 / Allies) 3DGAYWORLD: yeah we dont have many tanks
(11:42 / Allies) 3DGAYWORLD: *any
(11:43 / Allies) DirtMcGirt: we got bats 
(11:51 / Allies) Dexanth: chim posts goin up
(11:57 / Allies) HERNaNDO: he said he lost now
(11:59 / Allies) HERNaNDO: dmg
(12:01 / Allies) DirtMcGirt: haha
(12:02 / Allies) DirtMcGirt: nice
(12:07 / Allies) 3DGAYWORLD: wyrvs
(12:39 / Allies) 3DGAYWORLD: on it
(13:32 / Allies) 3DGAYWORLD: help there
(13:32 / Allies) 3DGAYWORLD: asap
(13:35 / Allies) Dexanth: coming asap
(13:43 / Allies) 3DGAYWORLD: gonna attack yellows base
(13:46 / Allies) 3DGAYWORLD: want to come, blue?
(14:04 / Allies) Dexanth: woodshop more or less permaopen
(14:15 / Allies) 3DGAYWORLD: gold if anyone has it
(14:40 / Allies) DirtMcGirt: bat
(14:41 / Allies) DirtMcGirt: bat
(14:42 / Allies) DirtMcGirt: vat
(14:47 / Allies) 3DGAYWORLD: on it
(16:15 / Allies) DirtMcGirt: hit now wiht chims pls
(16:20 / Allies) Dexanth: need more than3
(16:26 / Allies) Dexanth: gold me
(16:28 / Allies) HERNaNDO: thnx for the help dudes
(16:31 / Allies) DirtMcGirt: np
(16:43 / Allies) Dexanth: nando toss me like 400
(16:48 / Allies) HERNaNDO: of what
(16:52 / Allies) Dexanth: gold
(16:58 / Allies) Dexanth: upkeeping
(17:13 / Allies) Dexanth: bring bats to base
(17:15 / Allies) 3DGAYWORLD: k
(17:16 / Allies) 3DGAYWORLD: gonna bat
(17:19 / Allies) 3DGAYWORLD: which base?
(17:26 / Allies) HERNaNDO: that was a nice strike dexanth
(17:38 / Allies) 3DGAYWORLD: where to?
(17:42 / Allies) DirtMcGirt: teal
(18:03 / Allies) Dexanth: bombing
(18:07 / Allies) Dexanth: get bats up here
(18:36 / Allies) HERNaNDO: nice
(18:50 / Allies) DirtMcGirt: lolllllll
(18:53 / Allies) Dexanth: to ork now
(18:59 / Allies) DirtMcGirt: gogogo
(19:04 / Allies) HERNaNDO: anyone got a lil gold?
(19:10 / Allies) HERNaNDO: or stuff
(19:13 / Allies) HERNaNDO: thnx 
(19:15 / Allies) Dexanth: main
(19:17 / Allies) Dexanth: not burrow
(19:19 / Allies) HERNaNDO: wood now
(19:26 / Allies) HERNaNDO: ty
(19:35 / Allies) HERNaNDO: itsj ust cuz i had my economy crippled
(20:04 / Allies) 3DGAYWORLD: on it
(20:17 / Allies) 3DGAYWORLD: gonna bat wyrvs
(20:18 / Allies) Dexanth: lmao
(20:20 / Allies) Dexanth: he has wyvs
(20:20 / Allies) DirtMcGirt: get ie
(20:25 / Allies) Dexanth: just sitting there
(20:30 / Allies) DirtMcGirt: get that peon
(21:36 / Allies) 3DGAYWORLD: nice
(22:04 / All) DirtMcGirt: GG
(22:14 / Allies) DirtMcGirt: hit expi
(22:15 / Allies) DirtMcGirt: now
(22:16 / Allies) DirtMcGirt: now
(22:16 / Allies) DirtMcGirt: now
(22:17 / Allies) 3DGAYWORLD: omw
(22:17 / Allies) HERNaNDO: i was gonn ask if we lose but they are missin 2 bases lol
(22:34 / All) DirtMcGirt: G F G NOOBS
(22:35 / All) HERNaNDO: see ya later
(22:35 / Allies) 3DGAYWORLD: lol
(22:36 / All) Dexanth: OWNED
(22:37 / All) DirtMcGirt: TOWA OWNS STNE
(22:41 / All) DirtMcGirt: yo chino
(22:42 / All) 3DGAYWORLD: RATS OFF TO YA
(22:45 / All) DirtMcGirt: take ur virgin ass outta here